[Event "Late-Titled-Tuesday-Blitz-September-05-2023"]
[Site "Chess.com"]
[Date "2023.09.05"]
[Round "7"]
[White "Leo_C"]
[Black "vugarrasulov"]
[Result "1/2-1/2"]
[WhiteElo "2653"]
[BlackElo "2958"]
[TimeControl "180+1"]
[EndTime "15:20:54 PDT"]
[Termination "Game drawn - insufficient material"]

1. d4 Nf6 2. c4 g6 3. Nc3 d5 4. cxd5 Nxd5 5. e4 Nxc3 6. bxc3 Bg7 7. Bc4 c5 8. Ne2 Nc6 9. Be3 cxd4 10. cxd4 b5 11.
Bd5 Bb7 12. O-O e6 13. Bb3 Na5 14. Bc2 O-O 15. Rb1 a6 16. a4 Qd7 17. axb5 axb5 18.
Nc3 Ba6 19. Bd3 Nc4 20. Bxc4 bxc4 21. Qd2 Rfd8 22. d5 Bb7 23. Rfd1 exd5 24. exd5 Bc8 25. Bd4 Qg4 26. Bxg7 Kxg7 27. h3 Qh4 28. Qe3 Bf5 29. Rb7 Re8 30. Qc5 Qf6 31. Nb5 Ra1 32. Rxa1 Qxa1+ 33. Kh2 Re1 34. Nd6 Rh1+ 35. Kg3 Qe5+ 36. Kf3 Be4+ 37.
Nxe4 Qf5+ 38. Kg3 Qxe4 39. Re7 Qd3+ 40. Re3 Qf5 41. Qd4+ Qf6 42. Qxf6+ Kxf6 43. Rc3 Rd1 44. Rxc4 Rxd5 45. Rf4+ Kg7 46. Rc4 h6 47. h4 Rd3+ 48.
f3 Rd5 49. Re4 Rd7 50. Rb4 Kf6 51. Rb6+ Ke5 52. Rb5+ Rd5 53. Rb7 Ke6 54. Rb6+ Rd6 55. Rb7 Kf6 56. Rc7 Re6 57. Rb7 g5 58. hxg5+ hxg5 59. Ra7 Kg6 60. Rb7 f5 61. Ra7 Re2 62. Ra8 f4+ 63.
Kh3 Rb2 64. Ra6+ Kh5 65. Ra8 Kg6 66. Ra6+ Kh5 67. Ra8 Rc2 68. Rb8 Rd2 69. Ra8 Rf2 70.
Rb8 Re2 71. Ra8 Rb2 72. Rc8 Rb6 73. Ra8 Rh6 74. Kh2 Kg6+ 75. Kg1 Kf5 76. Ra5+ Kg6 77. Ra6+ Kh5 78. Ra5 Kh4 79. Kh2 Kh5 80. Rb5 Re6 81.
Ra5 Re2 82. Rb5 Kh4 83. Rb8 Kh5 84. Rb6 Rd2 85. Ra6 Re2 86. Rb6 g4 87. fxg4+ Kxg4 88. Rg6+ Kf5 89. Rg8 Re7 90. Rf8+ Ke4 91. Kg1 Ke3 92.
Rf6 Re4 93. Ra6 Rd4 94. Ra3+ Ke2 95. Ra2+ Ke3 96. Ra3+ Ke4 97. Ra2 Kf5 98. Kf2 Kg4 99. Rb2 Rc4 100. Ra2 Rb4 101. Re2 Rb1 102. Rd2 Rh1 103.
Re2 Rh2 104. Rd2 Rh6 105. Re2 Rd6 106. Rc2 Rd3 107. Re2 Rc3 108. Rd2 Rb3 109. Re2 Ra3 110. Rd2 Re3 111. Rc2 Rd3 112. Re2 Kf5 113. Rc2 Ke4 114. Rc4+ Rd4 115.
Rxd4+ Kxd4 116. Kf3 Ke5 117. g3 fxg3 118. Kxg3 1/2-1/2

[Event "Late-Titled-Tuesday-Blitz-September-05-2023"]
[Site "Chess.com"]
[Date "2023.09.05"]
[Round "7"]
[White "Defenstrator"]
[Black "HajiyevKanan"]
[Result "1/2-1/2"]
[WhiteElo "2312"]
[BlackElo "2469"]
[TimeControl "180+1"]
[EndTime "15:20:58 PDT"]
[Termination "Game drawn by 50-move rule"]

1. e4 c6 2. a4 d5 3. e5 c5 4. Nf3 Nc6 5. a5 Nxa5 6. d4 Nc6 7. c3 Bg4 8. dxc5 e6 9. b4 Bxf3 10.
gxf3 Nxe5 11. Qa4+ Qd7 12. Bb5 Nc6 13. Be2 Nf6 14.
b5 Ne5 15. f4 Nc4 16. Bxc4 dxc4 17. Qxc4 Be7 18. Be3 O-O 19. Nd2 Rfc8 20. Nb3 Nd5 21. O-O Qc7 22. f5 Bd6 23. fxe6 Bxh2+ 24. Kh1 fxe6 25. Nd4 Qe5 26. Nf3 Nxe3 27. fxe3 Qxe3 28. Rae1 Rxc5 29. Rxe3 Rxc4 30. Kxh2 a5 31. bxa6 Rxa6 32.
Ng5 Rg4 33. Nxe6 h5 34. Nf4 Ra2+ 35. Kh3 g6 36. Re8+ Kg7 37. Re7+ Kh6 38. Re3 b5 39.
Nd3 Ra3 40. Ne5 Rga4 41. Nf7+ Kg7 42. Ng5 Rg4 43. Ne6+ Kh6 44. Rf6 Raa4 45. Nd4 b4 46. Nf5+ Kg5 47. Rf8 gxf5 48. Rf3 bxc3 49. R8xf5+ Kg6 50. Rf6+ Kg7 51. Rf7+ Kg8 52. Rf8+ Kh7 53. R8f7+ Rg7 54.
Rc7 Ra3 55. Rcxc3 Rxc3 56. Rxc3 Kh6 57. Rc6+ Kg5 58. Rc5+ Kf4 59. Rxh5 Rg1 60. Kh2 Rg4 61. Rh8 Ke3 62. Re8+ Kf2 63. Rf8+ Ke3 64. Re8+ Kf4 65. Rf8+ Ke5 66. Re8+ Kf6 67. Re1 Kg5 68. Re5+ Kf4 69. Re8 Rg7 70. Rf8+ Kg4 71. Rf1 Rh7+ 72. Kg2 Rg7 73.
Ra1 Rb7 74. Ra4+ Kf5 75. Ra5+ Ke4 76. Ra4+ Kd3 77. Rg4 Ke3 78. Rg3+ Ke2 79. Rg6 Re7 80.
Kg3 Re3+ 81. Kf4 Rf3+ 82. Ke4 Rh3 83. Rg2+ Kf1 84. Ra2 Rh4+ 85. Kf3 Rh3+ 86. Kg4 Rb3 87. Rc2 Ke1 88. Rh2 Kf1 89. Ra2 Rb4+ 90. Kf3 Rb3+ 91. Ke4 Ke1 92. Kd4 Kd1 93. Rh2 Rg3 94. Ra2 Kc1 95. Rh2 Kb1 96. Kc4 Kc1 97. Rf2 Kd1 98. Ra2 Kc1 99. Kb4 Kb1 100. Rh2 Rf3 101. Kc4 Rg3 102. Rf2 Re3 103. Kd4 Rh3 104. Rf1+ Kc2 105. Ra1 Kb3 106. Rb1+ Kc2 107. Ra1 Rh4+ 108. Ke3 Rh5 109. Ra2+ 1/2-1/2

[Event "Late-Titled-Tuesday-Blitz-September-05-2023"]
[Site "Chess.com"]
[Date "2023.09.05"]
[Round "7"]
[White "WPWPWP-2015"]
[Black "EsmeraldasAnderson03"]
[Result "1/2-1/2"]
[WhiteElo "2544"]
[BlackElo "2421"]
[TimeControl "180+1"]
[EndTime "15:21:28 PDT"]
[Termination "Game drawn - insufficient material"]

1. e4 c5 2. Nf3 d6 3. Bb5+ Bd7 4. a4 Bxb5 5. axb5 a6 6. O-O Nf6 7. Nc3 e6 8. d4 cxd4 9. Nxd4 Be7 10. Be3 O-O 11.
f4 Nbd7 12. bxa6 Rxa6 13. Rxa6 bxa6 14. Nc6 Qe8 15. Qe2 Nb8 16. Nxe7+ Qxe7 17. e5 dxe5 18. fxe5 Nd5 19. Bd2 Nc6 20. Kh1 Nxc3 21. Bxc3 Qb7 22. Qf3 Qb5 23. Re1 Ne7 24. Qe2 Qxe2 25. Rxe2 Rd8 26. Kg1 Rd1+ 27. Kf2 Nd5 28. Bd2 Rb1 29. b3 Kf8 30. Kf3 Ke8 31. Ke4 Ne7 32. Kd3 Nc6 33.
Kc4 Kd7 34. Kc5 Rd1 35. Bc3 Kc7 36. b4 Rd5+ 37. Kc4 Na7 38. Bb2 Nb5 39. c3 Na7 40. Kb3 Rd3 41. Kc2 Rd8 42. Rf2 Rd7 43. Rf4 Nc6 44. Re4 Rd5 45. c4 Nxb4+ 46. Kb3 Rd2 47. Bc3 Rd3 48. Kxb4 a5+ 49. Kb3 a4+ 50. Kc2 Rd8 51. Rf4 Rd7 52. Rf1 Kc6 53. Ra1 Ra7 54. Bb4 f6 55. Bc3 Kc5 56. exf6 gxf6 57. Bxf6 Kxc4 58.
Bb2 Kb5 59. Re1 a3 60. Ba1 Ra6 61. Re5+ Kc4 62. Re4+ Kd5 63. Rd4+ Kc5 64. Rd3 Kc4 65. Rc3+ Kd5 66. Kb3 Ke4 67. Ka2 Ra8 68. h4 Kf5 69. Rg3 e5 70. Re3 e4 71. Rg3 Kf4 72.
Rg7 e3 73. Rf7+ Kg3 74. Rg7+ Kf2 75. Bd4 Re8 76. g4 Kf3 77. Kxa3 e2 78. Bc3 e1=Q 79.
Bxe1 Rxe1 80. g5 Kg4 81. Rxh7 Re4 82. Kb3 Kf5 83. Kc3 Kg6 84. Rh6+ Kf5 85. Kd3 Rg4 86.
Rh8 Kg6 87. Ke3 Kg7 88. Rh6 Ra4 89. Kf3 Rb4 90. Kg3 Ra4 91. Rf6 Rb4 92. Rf4 Rb8 93.
Kg4 Rb1 94. Rd4 Rb7 95. Rc4 Kh7 96. Ra4 Rg7 97. Kh5 Rb7 98. Ra6 Kg7 99. Rg6+ Kh7 100. Rf6 Kg7 101. Re6 Kf7 102. Rd6 Kg7 103. Rc6 Kh7 104.
Ra6 Kg7 105. Ra5 Kh7 106. Kg4 Kg7 107. Kf5 Kh7 108. h5 Kg7 109. Re5 Rf7+ 110. Kg4 Rb7 111. Rd5 Kh7 112. Re5 Kg7 113. Kf5 Rc7 114. Rd5 Rf7+ 115. Ke5 Re7+ 116. Kf4 Ra7 117. g6 Kh6 118. Kg4 Ra4+ 119. Kf5 Ra1 120. Kf6 Rf1+ 121. Rf5 Rg1 122. Kf7 Rxg6 123. Rf4 Rg5 124. Rf6+ Kxh5 125. Ke6 Kg4 126. Rf7 Rg6+ 127. Ke7 Rg5 128. Rf6 Rf5 129. Re6 Rf4 130. Rf6 Kf3 131. Rxf4+ Kxf4 1/2-1/2

[Event "Late-Titled-Tuesday-Blitz-September-05-2023"]
[Site "Chess.com"]
[Date "2023.09.05"]
[Round "8"]
[White "HeinichessPY"]
[Black "szachmistrz2500"]
[Result "0-1"]
[WhiteElo "2246"]
[BlackElo "2476"]
[TimeControl "180+1"]
[EndTime "15:22:50 PDT"]
[Termination "szachmistrz2500 won by resignation"]

1. e4 c5 2. Nc3 e6 3. f4 Nc6 4.
Nf3 g6 5. Bb5 Nge7 6. O-O Bg7 7. d3 O-O 8. Be3 Nd4 9. Bc4 d5 10.
Bb3 Nxf3+ 11. Qxf3 d4 0-1

[Event "Late-Titled-Tuesday-Blitz-September-05-2023"]
[Site "Chess.com"]
[Date "2023.09.05"]
[Round "8"]
[White "delqate"]
[Black "reevecanada"]
[Result "0-1"]
[WhiteElo "2372"]
[BlackElo "2536"]
[TimeControl "180+1"]
[EndTime "15:23:00 PDT"]
[Termination "reevecanada won by resignation"]

1. d4 d5 2. Nf3 Nf6 3. Bg5 Ne4 4.
Bf4 g6 5. e3 Bg7 6. Nbd2 O-O 7.
Nxe4 dxe4 8. Nd2 f5 9. c3 c5 10.
d5 Kh8 11. c4 Bxb2 12. Rb1 Bg7 13. Ke2 e5 14. Bg3 f4 15. exf4 exf4 0-1

[Event "Late-Titled-Tuesday-Blitz-September-05-2023"]
[Site "Chess.com"]
[Date "2023.09.05"]
[Round "8"]
[White "koncheto"]
[Black "YEIKO2017"]
[Result "0-1"]
[WhiteElo "2543"]
[BlackElo "2438"]
[TimeControl "180+1"]
[EndTime "15:23:58 PDT"]
[Termination "YEIKO2017 won by resignation"]

1. e4 c5 2. Nf3 d6 3. d4 cxd4 4. Nxd4 Nf6 5. f3 g6 6. c4 Bg7 7. Nc3 O-O 8. Be3 Nc6 9. Be2 Bd7 10. O-O Nxd4 11. Bxd4 a5 12. Qd2 Bc6 13. Rac1 a4 14. Rc2 Qa5 15. Rb1 Nd7 16. Be3 Nc5 17. b4 axb3 18. axb3 Qa3 19. Ra2 Bxc3 20. Rxa3 Bxd2 21. Rxa8 Bxe3+ 0-1

[Event "Late-Titled-Tuesday-Blitz-September-05-2023"]
[Site "Chess.com"]
[Date "2023.09.05"]
[Round "8"]
[White "Jarming"]
[Black "DTChess"]
[Result "1-0"]
[WhiteElo "2653"]
[BlackElo "2469"]
[TimeControl "180+1"]
[EndTime "15:24:46 PDT"]
[Termination "Jarming won by resignation"]

1. e4 e5 2. Nf3 Nc6 3. Bb5 a6 4. Ba4 Nf6 5. O-O b5 6. Bb3 Be7 7. d4 d6 8. c3 O-O 9. h3 exd4 10. cxd4 Na5 11. Bc2 c5 12. d5 Nd7 13. Bf4 Qb6 14. Nbd2 Bf6 15. Rb1 Re8 16. a3 c4 17. b4 cxb3 18. Nxb3 Nc4 19. Qd3 g6 20. Nbd4 Nc5 21.
Qxc4 bxc4 22. Rxb6 Nxe4 23. Bxd6 Nxd6 24. Rxd6 Bb7 25.
Rxf6 1-0

[Event "Late-Titled-Tuesday-Blitz-September-05-2023"]
[Site "Chess.com"]
[Date "2023.09.05"]
[Round "8"]
[White "azikom"]
[Black "kacprekt"]
[Result "1-0"]
[WhiteElo "2647"]
[BlackElo "2419"]
[TimeControl "180+1"]
[EndTime "15:25:05 PDT"]
[Termination "azikom won by checkmate"]

1. e4 c5 2. Nc3 e6 3. g3 d5 4. exd5 exd5 5. Bg2 Nf6 6. d3 Bg4 7. Nge2 Nc6 8. h3 Bh5 9. O-O Be7 10. g4 Bg6 11.
Nf4 d4 12. Ncd5 Nxd5 13. Nxd5 O-O 14. Bf4 Bd6 15. Qd2 f5 16. Bxd6 Qxd6 17. Qf4 Qxf4 18.
Nxf4 fxg4 19. Nxg6 hxg6 20. hxg4 Nb4 21. a3 Nxc2 22.
Rac1 Ne3 23. fxe3 dxe3 24. Bd5+ Kh7 25. Kg2 Rad8 26. Rh1# 1-0

[Event "Late-Titled-Tuesday-Blitz-September-05-2023"]
[Site "Chess.com"]
[Date "2023.09.05"]
[Round "8"]
[White "kleinebeer98"]
[Black "JackRodgers"]
[Result "1-0"]
[WhiteElo "2860"]
[BlackElo "2611"]
[TimeControl "180+1"]
[EndTime "15:25:15 PDT"]
[Termination "kleinebeer98 won by resignation"]

1. e4 c5 2. Nf3 g6 3. d4 cxd4 4. Qxd4 Nf6 5. Nc3 Nc6 6. Qa4 d6 7. e5 dxe5 8. Nxe5 Bg7 9. Nxc6 bxc6 10. Be2 O-O 11. O-O Qb6 12. Bf3 Bb7 13. Be3 Qc7 14. Rfe1 Nd5 15. Bc5 Rfe8 16. Ne4 Nb6 17. Qa5 Nd5 18.
Qa3 Nf6 19. c3 Nxe4 20. Rxe4 e6 21. Bd6 Qb6 22. Rb4 Qa6 23. Qxa6 Bxa6 24. Bxc6 1-0

[Event "Late-Titled-Tuesday-Blitz-September-05-2023"]
[Site "Chess.com"]
[Date "2023.09.05"]
[Round "8"]
[White "vugarrasulov"]
[Black "Willychess95"]
[Result "1-0"]
[WhiteElo "2961"]
[BlackElo "2698"]
[TimeControl "180+1"]
[EndTime "15:25:42 PDT"]
[Termination "vugarrasulov won by resignation"]

1. e4 c5 2. Nf3 d6 3. d4 cxd4 4. Nxd4 Nf6 5. Nc3 g6 6. Be2 Bg7 7. O-O O-O 8. Nb3 a6 9. Bg5 Nbd7 10. a4 b6 11. f4 Bb7 12. Bf3 Qc7 13. Kh1 Rfe8 14.
Qe2 Rac8 15. Rae1 Nc5 16. Nxc5 Qxc5 17. e5 Bxf3 18. Qxf3 Nd7 19. Qd3 Nb8 20. Ne4 Qxc2 21. Qxc2 Rxc2 22. exd6 exd6 23. Nf6+ 1-0

[Event "Late-Titled-Tuesday-Blitz-September-05-2023"]
[Site "Chess.com"]
[Date "2023.09.05"]
[Round "8"]
[White "AndreiITrifan"]
[Black "venturov"]
[Result "1-0"]
[WhiteElo "2633"]
[BlackElo "2455"]
[TimeControl "180+1"]
[EndTime "15:25:50 PDT"]
[Termination "AndreiITrifan won by resignation"]

1. Nf3 e6 2. b3 f5 3. Bb2 Nf6 4.
e3 Be7 5. c4 O-O 6. Nc3 d6 7. d4 Qe8 8. Qc2 Qh5 9. Be2 Qg6 10. g3 Nc6 11. a3 e5 12. Nd5 e4 13.
Nd2 Bd8 14. Nc3 Bd7 15. O-O-O a5 16. f3 Re8 17. fxe4 Nxe4 18. Ndxe4 fxe4 19. Rdf1 Bg5 20. Nd5 Rac8 21. h4 Bd8 22. g4 Be6 23. Nf4 Qf7 24.
d5 Bd7 25. dxc6 bxc6 26. Nh5 Qg6 27. Nxg7 Rf8 28. Rxf8+ Kxf8 29. Rf1+ Kg8 30. Qc3 Bxh4 31. Nh5 1-0

[Event "Late-Titled-Tuesday-Blitz-September-05-2023"]
[Site "Chess.com"]
[Date "2023.09.05"]
[Round "8"]
[White "picturesquecheck"]
[Black "WilsonPalencia21"]
[Result "0-1"]
[WhiteElo "2294"]
[BlackElo "2544"]
[TimeControl "180+1"]
[EndTime "15:25:52 PDT"]
[Termination "WilsonPalencia21 won by resignation"]

1. e4 c5 2. Nf3 d6 3. d4 cxd4 4. Nxd4 Nf6 5. Nc3 g6 6. Be3 Bg7 7. Bc4 O-O 8. f3 Nc6 9. Qd2 Ne5 10. Bb3 Bd7 11. O-O-O Rc8 12. Kb1 Re8 13. h4 h5 14.
Bg5 Rc5 15. g4 hxg4 16. h5 Nxh5 17. Rxh5 gxh5 18. Rh1 Ng6 19. Rxh5 Qa5 20. f4 e6 21.
f5 exf5 22. exf5 Bxf5 23. Bd8 Rxd8 24. Nxf5 Rxf5 25. Bxf7+ Kxf7 0-1

[Event "Late-Titled-Tuesday-Blitz-September-05-2023"]
[Site "Chess.com"]
[Date "2023.09.05"]
[Round "8"]
[White "infinitegiantkiller"]
[Black "PepeCuenca"]
[Result "0-1"]
[WhiteElo "2490"]
[BlackElo "2666"]
[TimeControl "180+1"]
[EndTime "15:26:01 PDT"]
[Termination "PepeCuenca won by checkmate"]

1. Nf3 d5 2. g3 Nf6 3. Bg2 e6 4.
O-O Be7 5. b3 O-O 6. Bb2 b6 7. d3 Bb7 8. Nbd2 c5 9. c4 d4 10. a3 Bd6 11. b4 e5 12. bxc5 bxc5 13. Rb1 Bc6 14. e4 Nbd7 15. Nh4 Ne8 16. Nf5 Bc7 17.
f4 g6 18. Nh6+ Kg7 19. Ng4 exf4 20. gxf4 h5 21. Nf2 Bxf4 22. Nh3 Be3+ 23. Kh1 Ne5 24. Nf3 Ng4 25. Qe2 Kg8 26. Nhg5 Bxg5 27. Nxg5 Qxg5 28. Bc1 Ne3 29. Rf3 Qxg2+ 30. Qxg2 Nxg2 31.
Kxg2 Ng7 32. Bg5 Rab8 33. Rbf1 Rb2+ 34. Kh3 Ne6 35. Bf6 Bd7 36. Kh4 Rxh2+ 37. Rh3 Rxh3+ 38. Kxh3 Nf4+ 39. Kg3 Nxd3 40. Rb1 Re8 41. Kf3 Ne5+ 42. Kf4 Ng4 43. Kg5 Nxf6 44. Kxf6 Re6+ 45. Kg5 Rxe4 46.
Kf6 Re6+ 47. Kg5 Kg7 48. Rb7 Re4 49. Rxd7 Rg4# 0-1

[Event "Late-Titled-Tuesday-Blitz-September-05-2023"]
[Site "Chess.com"]
[Date "2023.09.05"]
[Round "8"]
[White "FairChess_on_YouTube"]
[Black "Chessdreamer2020"]
[Result "1-0"]
[WhiteElo "3026"]
[BlackElo "2524"]
[TimeControl "180+1"]
[EndTime "15:26:06 PDT"]
[Termination "FairChess_on_YouTube won by resignation"]

1. b3 c5 2. Bb2 Nc6 3. Nf3 d5 4. e3 a6 5. Be2 Nf6 6. O-O Bg4 7. h3 Bh5 8. d4 e6 9. Nbd2 Be7 10. dxc5 Bxc5 11. c4 O-O 12. Rc1 Be7 13. cxd5 Nxd5 14. Nc4 Bf6 15. Ba3 Be7 16. Bb2 Bf6 17. Qd2 Bxb2 18.
Qxb2 Qf6 19. Qxf6 Nxf6 20. Nd6 Nd8 21. g4 Bg6 22. Ne5 Ne8 23. Rfd1 Nxd6 24. Rxd6 Be4 25. Rc7 Nc6 26. Nd7 Rfd8 27. f3 Bb1 28. Rxb7 Bxa2 29.
Rxc6 Bxb3 30. Rxb3 Rxd7 31. Rxa6 Rad8 32. Kf2 Rd2 33.
Rab6 Rc2 34. Rb8 1-0

[Event "Late-Titled-Tuesday-Blitz-September-05-2023"]
[Site "Chess.com"]
[Date "2023.09.05"]
[Round "8"]
[White "schack_vit"]
[Black "kikoveiga"]
[Result "0-1"]
[WhiteElo "2424"]
[BlackElo "2575"]
[TimeControl "180+1"]
[EndTime "15:26:19 PDT"]
[Termination "kikoveiga won by resignation"]

1. c4 Nf6 2. g3 e6 3. Bg2 c5 4. Nf3 Be7 5. O-O O-O 6. d4 cxd4 7. Nxd4 Nc6 8. Nc3 d5 9. cxd5 exd5 10. a3 h6 11. b4 Bg4 12. Bb2 Ne5 13. h3 Bc8 14. Nf5 Bxf5 15. Nxd5 Nxd5 16. Bxe5 Bf6 17. Bxf6 Nxf6 18.
Qb3 Qb6 19. Rac1 Rac8 20. a4 a5 21. b5 Rfe8 22. Qf3 Be4 23. Qf4 Bxg2 24. Kxg2 Qe6 25.
Rxc8 Rxc8 26. Qf3 Qe4 0-1

[Event "Late-Titled-Tuesday-Blitz-September-05-2023"]
[Site "Chess.com"]
[Date "2023.09.05"]
[Round "8"]
[White "maurovargas01"]
[Black "AlexNovitz"]
[Result "0-1"]
[WhiteElo "1859"]
[BlackElo "2220"]
[TimeControl "180+1"]
[EndTime "15:26:20 PDT"]
[Termination "AlexNovitz won by checkmate"]

1. e4 e6 2. f4 d5 3. e5 c5 4.
Nf3 Nc6 5. Bb5 Ne7 6. Bxc6+ Nxc6 7. O-O Be7 8. d3 O-O 9. Qe1 f6 10. c3 fxe5 11. fxe5 Bd7 12. Nbd2 Be8 13. Nb3 Bg6 14. Qd1 Qc7 15. Be3 b6 16. Kh1 Nxe5 17. d4 Nxf3 18.
Rxf3 c4 19. Nd2 Bd6 20. Rh3 Rf7 21. Nf1 Raf8 22. Qe2 Bd3 23. Rxh7 Kxh7 24. Qh5+ Kg8 25. Ng3 Bxg3 26. hxg3 Qxg3 27. Bg1 Rf1 28. Rxf1 Bxf1 29. Bh2 Qxg2# 0-1

[Event "Late-Titled-Tuesday-Blitz-September-05-2023"]
[Site "Chess.com"]
[Date "2023.09.05"]
[Round "8"]
[White "rezamahdavi2008"]
[Black "dropstoneDP"]
[Result "0-1"]
[WhiteElo "2763"]
[BlackElo "3008"]
[TimeControl "180+1"]
[EndTime "15:26:23 PDT"]
[Termination "dropstoneDP won by resignation"]

1. e4 e5 2. Nf3 Nf6 3. Nc3 Nc6 4. a4 d5 5. exd5 Nxd5 6. Bb5 Bg4 7. h3 Bh5 8. Qe2 Nb4 9. Qxe5+ Qe7 10. Qxe7+ Bxe7 11. Bxc6+ bxc6 12. Kd1 O-O-O 13. g4 Bg6 14. d3 h5 15. Re1 hxg4 16. hxg4 Bf6 17. Bg5 Nxc2 18. Kxc2 Rxd3 19. Ne5 Bxe5 20. Rxe5 f6 21. Rf5 Rd4 0-1

[Event "Late-Titled-Tuesday-Blitz-September-05-2023"]
[Site "Chess.com"]
[Date "2023.09.05"]
[Round "8"]
[White "Lennis93"]
[Black "tteshan"]
[Result "1-0"]
[WhiteElo "2823"]
[BlackElo "2572"]
[TimeControl "180+1"]
[EndTime "15:26:28 PDT"]
[Termination "Lennis93 won by resignation"]

1. b3 c5 2. Bb2 Nc6 3. e3 d6 4. Bb5 Nf6 5. Bxc6+ bxc6 6. f4 g6 7. Nf3 Bg7 8. O-O O-O 9. Nc3 Bg4 10. h3 Bxf3 11.
Qxf3 Nd5 12. Na4 Qd7 13. Bxg7 Kxg7 14. e4 Nf6 15. f5 Rab8 16. Rae1 Qc7 17. Qc3 Kg8 18. e5 Nd5 19. Qg3 Nb6 20. Nxb6 axb6 21. e6 Kg7 22. f6+ Kg8 23. fxe7 1-0

[Event "Late-Titled-Tuesday-Blitz-September-05-2023"]
[Site "Chess.com"]
[Date "2023.09.05"]
[Round "8"]
[White "jefferyx"]
[Black "djano"]
[Result "1-0"]
[WhiteElo "3008"]
[BlackElo "2625"]
[TimeControl "180+1"]
[EndTime "15:26:36 PDT"]
[Termination "jefferyx won by resignation"]

1. e4 c5 2. Nf3 Nc6 3. Nc3 g6 4.
d4 cxd4 5. Nxd4 Bg7 6. Nxc6 bxc6 7. Bc4 d6 8. O-O Nf6 9. h3 O-O 10. Be3 e6 11. Bd3 d5 12. Bd2 Rb8 13. Rb1 Nxe4 14. Nxe4 dxe4 15. Bxe4 Ba6 16. Re1 Rxb2 17. Rxb2 Bxb2 18.
Bb4 Qxd1 19. Rxd1 Rc8 20. Bc5 Bc4 21. a4 a6 22. Rd7 Bd5 23. Bd3 a5 24. c4 e5 25.
cxd5 cxd5 26. Rxd5 f5 27. g4 e4 28. Ba6 Rc6 29.
Bb5 Rf6 30. gxf5 gxf5 31. Bd7 f4 32. Bf5 e3 33. fxe3 fxe3 34. Bxe3 1-0

[Event "Late-Titled-Tuesday-Blitz-September-05-2023"]
[Site "Chess.com"]
[Date "2023.09.05"]
[Round "8"]
[White "Chessdemon2019"]
[Black "PawnEatingZombie"]
[Result "0-1"]
[WhiteElo "2346"]
[BlackElo "2101"]
[TimeControl "180+1"]
[EndTime "15:26:47 PDT"]
[Termination "PawnEatingZombie won by resignation"]

1. c4 c5 2. Nc3 g6 3. b3 Bg7 4. Bb2 Nc6 5. g3 e5 6. Bg2 Nge7 7. e4 O-O 8. Nge2 d6 9. d3 f5 10. Qd2 f4 11. gxf4 exf4 12. Bf3 g5 13. O-O-O Ne5 14.
Ng1 g4 15. Be2 f3 16. Bf1 N7c6 17. h3 Qh4 18. Nd5 Be6 19. Kb1 Bxd5 20. exd5 Nd4 21.
Re1 Bh6 22. Qd1 g3 23. Re4 g2 24. Rxh4 gxh1=Q 25. Rxh6 Qxg1 26. Qc1 Ne2 27. Qe1 Nxd3 28. Qd1 Nxb2 29. Kxb2 Qg7+ 0-1

[Event "Late-Titled-Tuesday-Blitz-September-05-2023"]
[Site "Chess.com"]
[Date "2023.09.05"]
[Round "8"]
[White "micke12a"]
[Black "ErikRonka"]
[Result "1-0"]
[WhiteElo "2348"]
[BlackElo "2476"]
[TimeControl "180+1"]
[EndTime "15:26:56 PDT"]
[Termination "micke12a won by checkmate"]

1. d4 Nf6 2. Nc3 e5 3. dxe5 Ng4 4. Qd4 h5 5. Nf3 Nc6 6. Qe4 Bc5 7. e3 O-O 8. h3 Nh6 9. Bd3 g6 10. Qf4 Kg7 11. e4 Rh8 12. Nd5 d6 13. Qf6+ Qxf6 14. exf6+ Kf8 15. Nxc7 Rb8 16. Nd5 Be6 17. a3 Ng8 18. Bg5 Nd4 19. Nxd4 Bxd4 20. c3 Bc5 21. b4 Bb6 22. Nxb6 axb6 23. O-O-O Rc8 24. Kb2 Ke8 25.
Bb5+ Bd7 26. Bxd7+ Kxd7 27. Rd5 Ke6 28. Rhd1 Rc6 29. b5 Rc5 30. Rxd6+ Ke5 31. f4+ Kxe4 32. Re1+ Kf5 33. Rxb6 Nh6 34. Rxb7 Rc4 35. Re5# 1-0

[Event "Late-Titled-Tuesday-Blitz-September-05-2023"]
[Site "Chess.com"]
[Date "2023.09.05"]
[Round "8"]
[White "traack"]
[Black "bazar-wokzal"]
[Result "0-1"]
[WhiteElo "2372"]
[BlackElo "2524"]
[TimeControl "180+1"]
[EndTime "15:26:57 PDT"]
[Termination "bazar-wokzal won by resignation"]

1. e4 Nc6 2. Nf3 d5 3. exd5 Qxd5 4. Nc3 Qa5 5. d4 Bg4 6. d5 O-O-O 7. Bd2 Nb4 8. Bc4 Bxf3 9. gxf3 Nf6 10. a3 Qc5 11. axb4 Qxc4 12. Rxa7 Nxd5 13. Ra8+ Kd7 14. Rxd8+ Kxd8 15. Be3 e6 16. Qd4 Qxd4 17. Bxd4 Nxb4 18. Kd2 f6 19. f4 Bd6 20. Be3 Nd5 21. Nxd5 exd5 22.
f5 Re8 23. Rg1 Bf8 24. f4 Kd7 25. Ra1 Bd6 26. Ra7 Kc6 27. Ra4 Re4 28. Rxe4 dxe4 29. c4 Bc5 30. b3 b5 31. h3 bxc4 32. bxc4 Bxe3+ 33. Kxe3 Kc5 34. Kxe4 Kxc4 35. h4 c5 36. h5 h6 37. Ke3 Kb3 38. Ke4 c4 39. Kd5 c3 40. Ke6 c2 41. Kf7 c1=Q 42. Kxg7 Qxf4 0-1

[Event "Late-Titled-Tuesday-Blitz-September-05-2023"]
[Site "Chess.com"]
[Date "2023.09.05"]
[Round "8"]
[White "laskakid"]
[Black "Colombiano07"]
[Result "0-1"]
[WhiteElo "2238"]
[BlackElo "2414"]
[TimeControl "180+1"]
[EndTime "15:27:05 PDT"]
[Termination "Colombiano07 won by checkmate"]

1. d4 d5 2. c4 dxc4 3. e4 Nf6 4. e5 Nd5 5. Bxc4 Nb6 6. Bd3 Nc6 7. Be3 g6 8. Nc3 Bg7 9. Nge2 O-O 10. O-O Nb4 11.
Bb1 N6d5 12. a3 Nxc3 13. Nxc3 Nd5 14. Ba2 Be6 15. Ne4 Nxe3 16. fxe3 Bxa2 17. Rxa2 Qd5 18.
Nc3 Qc4 19. Ra1 Rad8 20. Rc1 Bxe5 21. Qf3 Bg7 22. Qxb7 Rb8 23. Qd5 Qd3 24. Nd1 e5 25. Rxc7 exd4 26. Rfxf7 Kh8 27. Rc1 Rxf7 28. Qxf7 Rf8 29.
Qc4 Rf1# 0-1

[Event "Late-Titled-Tuesday-Blitz-September-05-2023"]
[Site "Chess.com"]
[Date "2023.09.05"]
[Round "8"]
[White "Keaton87"]
[Black "Gogolev_Artemy"]
[Result "1-0"]
[WhiteElo "2629"]
[BlackElo "2443"]
[TimeControl "180+1"]
[EndTime "15:27:16 PDT"]
[Termination "Keaton87 won by resignation"]

1. d4 d5 2. Bf4 Nf6 3. e3 e6 4. c4 Bd6 5. Bg3 O-O 6. Nc3 c5 7. dxc5 Bxc5 8. cxd5 exd5 9. Nf3 Nc6 10. Be2 d4 11.
exd4 Nxd4 12. Nxd4 Bxd4 13. O-O Be6 14. Bf3 Bxc3 15. bxc3 Bd5 16. c4 Bxf3 17. Qxf3 Qc8 18. a4 Re8 19. a5 b6 20. Rfc1 Ne4 21. Bf4 Qf5 22. Be3 Qg6 23. axb6 axb6 24. Rxa8 Rxa8 25. Bxb6 Qxb6 26. Qxe4 Rd8 27. g3 Qc5 28. Qe3 Qxe3 29. fxe3 Kf8 30. Rc2 Ke7 31. Kf2 Rd6 32. Kf3 Rc6 33.
Ke4 Re6+ 34. Kd4 Kd6 35. Ra2 Kc7 36. Ra7+ 1-0

[Event "Late-Titled-Tuesday-Blitz-September-05-2023"]
[Site "Chess.com"]
[Date "2023.09.05"]
[Round "8"]
[White "olakenn"]
[Black "Nekoo04"]
[Result "1-0"]
[WhiteElo "1881"]
[BlackElo "2288"]
[TimeControl "180+1"]
[EndTime "15:27:19 PDT"]
[Termination "olakenn won on time"]

1. e4 c5 2. Nc3 Nc6 3. g3 g6 4.
Bg2 Bg7 5. Nge2 e6 6. d3 Nge7 7. Be3 d6 8. Qd2 Nd4 9. Nd1 O-O 10. c3 Nxe2 11. Kxe2 Rb8 12. Bh6 b5 13. h4 f5 14.
h5 Rf7 15. hxg6 Nxg6 16. exf5 exf5 17. Bd5 Be6 18. Bxe6 Qe7 19. Qe3 Re8 20. Bxg7 Kxg7 21. Qh6+ Kh8 22. Qxg6 Rf6 23. Rxh7+ Qxh7 24. Qxf6+ Qg7 25.
Qxf5 1-0

[Event "Late-Titled-Tuesday-Blitz-September-05-2023"]
[Site "Chess.com"]
[Date "2023.09.05"]
[Round "8"]
[White "sjoerd893"]
[Black "PotapovaM"]
[Result "0-1"]
[WhiteElo "2430"]
[BlackElo "2656"]
[TimeControl "180+1"]
[EndTime "15:27:25 PDT"]
[Termination "PotapovaM won by resignation"]

1. e4 e6 2. d4 d5 3. Nc3 Nf6 4. Bg5 dxe4 5. Nxe4 Be7 6. Nxf6+ gxf6 7. Bf4 b6 8. Nf3 Bb7 9. Bd3 Nd7 10. Qe2 Bd6 11.
Bxd6 cxd6 12. O-O-O Qc7 13. c3 O-O-O 14. Kb1 f5 15.
Ng5 Nf6 16. f3 h6 17. Nh3 Nd5 18. a3 Kb8 19. Rhe1 Rhg8 20. g3 h5 21. c4 Nf6 22.
f4 Ne4 23. Ka1 d5 24. Bxe4 fxe4 25. cxd5 Bxd5 26. Ng5 f5 27. Rc1 Qd7 28. Qxh5 Qb5 29. Rc3 Rc8 30. Qf7 Rxc3 31. Qxg8+ Rc8 32. Qg7 Qb3 33.
Qe5+ Ka8 0-1